 Dungeon Crawl Stone Soup version 0.28-a0-662-g1651b1f1e0 (webtiles) character file.

Game seed: 510182379799138148

270 Irenicus the Cutter (level 6, 0/48 (49) HPs)
             Began as a Deep Dwarf Earth Elementalist on Oct 14, 2021.
             Slain by Eustachio (2 damage)
             ... on level 4 of the Dungeon.
             The game lasted 00:08:09 (1072 turns).

Irenicus the Cutter (Deep Dwarf Earth Elementalist) Turns: 1072, Time: 00:08:09

HP:   0/48 (49)     AC:  2    Str: 12    XL:     6   Next: 1%
MP:   0/8           EV: 12    Int: 17    God:
Gold: 72            SH:  0    Dex: 13    Spells: 2/8 levels left

rFire   . . .      SeeInvis .   d - +2 dagger (speed)
rCold   . . .      Faith    .   (no shield)
rNeg    . . .      Spirit   .   b - +0 robe
rPois   .          Reflect  .   (no helmet)
rElec   .          Harm     .   (no cloak)
rCorr   .          Rampage  .   (no gloves)
Will    .....                   (no boots)
Stlth   ++........              (no amulet)
HPRegen 0.00/turn               (no ring)
MPRegen 0.11/turn               (no ring)

@: hasted, lightly drained, very quick
A: damage resistance, heal wounds, sense surroundings 1, no regeneration
a: Heal Wounds


You were on level 4 of the Dungeon.
You visited 1 branch of the dungeon, and saw 4 of its levels.

You collected 72 gold pieces.


Innate Abilities, Weirdness & Mutations

You are resistant to damage.
You can heal yourself by infusing magical energy.
You passively map a small area around you.
You do not regenerate.


   Skills:
 - Level 5.0 Short Blades
 - Level 2.1 Dodging
 + Level 2.8 Stealth
 - Level 1.7 Spellcasting
 - Level 0.8 Transmutations
 + Level 4.7 Earth Magic


You had 2 spell levels left.
You knew the following spells:

 Your Spells              Type           Power      Damage    Failure   Level
t - Stone Arrow           Conj/Erth      18%        3d8       22%         3
w - Passwall              Tmut/Erth      8%         N/A       10%         2
z - Sandblast             Erth           34%        2d9       3%          1

Your spell library contained the following spells:

 Spells                   Type           Power      Damage    Failure   Level
 Magic Dart               Conj           4%         1d3       21%         1
 Call Imp                 Summ           1%         N/A       30%         2
 Gell's Gravitas          Tloc           0%         N/A       52%         3
 Lesser Beckoning         Tloc           1%         N/A       52%         3
 Mephitic Cloud           Conj/Pois/Air  1%         N/A       52%         3
 Teleport Other           Tloc           1%         N/A       52%         3
 Petrify                  Tmut/Erth      10%        N/A       54%         4

Inventory:

Hand Weapons
 d - a +2 dagger of speed (weapon)
Missiles
 c - 74 stones
 n - a throwing net {=f}
Armour
 b - a +0 robe (worn)
Scrolls
 h - 3 scrolls of teleportation {@r2}
Potions
 a - a potion of resistance
 e - a potion of magic
 f - a potion of curing {@q1}

Dungeon Overview and Level Annotations

Branches:
Dungeon (4/15)
 Temple: D:4-7

Altars:
Trog
Uskayaw

Annotations:
D:4 Eustachio

, * ### ,
,,..# *#.# #.#
#.# #b# #r#
#@# #@#
#b#######
#b......#
######.## *
#### #.# ,
...# #.# *
**##.#.####
#.#
##.......#*#.#


You could see Eustachio, 3 bats and a rat (summoned).


Message History

The rat barely misses you.
Okay, then.
You aren't carrying any items that you can evoke.
Throw: 2 throwing nets {=f}
Press: ? - help, Shift-Dir - straight line, f/p - Eustachio
Aim: Eustachio, wielding a +2 rapier of draining and wearing a +0 leather armour (moderately wounded, 43% to hit)
You throw a throwing net {=f}.
The throwing net {=f} closely misses Eustachio.
You hit Eustachio but do no damage.
Eustachio is moderately wounded.
The rat bites you but does no damage.
You hit Eustachio but do no damage.
Eustachio is moderately wounded.
Eustachio casts a spell.
Casting: Sandblast (safe; 3% risk of failure)
Confirm with . or Enter, or press ? or * to list all spells.
Aiming: Sandblast (safe; 3% risk of failure)
Press: ? - help, Shift-Dir - straight line, f/p - Eustachio
Aim: Eustachio, wielding a +2 rapier of draining and wearing a +0 leather armour (moderately wounded, 71% to hit)
The blast of sand hits Eustachio!
Eustachio is heavily wounded.
The rat closely misses you.
You barely miss Eustachio.
Eustachio is heavily wounded.
You completely miss Eustachio.
Eustachio is heavily wounded.
Eustachio hits you with a +2 rapier of draining!
* * * LOW HITPOINT WARNING * * *
You feel drained.
You die...

Skill      XL: |  1  2  3  4  5 |
---------------+----------------+-----
Short Blades   | 2 4 5 |  5.0
Dodging        | |  2.1
Stealth        | |  2.8
Spellcasting   | |  1.7
Transmutations | |  0.8
Earth Magic    | |  4.7

Action                   |  1- 3 |  4- 6 || total
-------------------------+-------+-------++-------
Melee: Dagger            |    52 |    36 ||    88
Throw: Throwing net      |       |     1 ||     1
 Cast: Sandblast         |    16 |    29 ||    45
       Passwall          |     4 |     2 ||     6
  Use: Scroll            |     1 |     4 ||     5
       Potion            |       |     4 ||     4
 Stab: Sleeping          |     3 |     2 ||     5
Armor: Robe              |    11 |     7 ||    18
Dodge: Dodged            |    26 |    16 ||    42

Levels and vault maps discovered:
D:1:      dpeg_arrival_three_smaller_balls, layout_basic
D:2:      layout_loops_ring, st_stairs_2, uniq_terence, uniq_sigmund
D:3:      layout_loops_ring, mainiacjoe_overflow_tiny_flanked,
          dilly_ecumenical_altar_fadedgnrine, uniq_jessica
D:4:      layout_basic, bloody_trog, nicolae_uskayaw_en_pointe,
          grunt_ministairs_14, uniq_grinder, uniq_eustachio, uniq_pikel

Notes
Turn   | Place    | Note
-------+----------+-------------------------------------------
     0 | D:1      | Irenicus the Deep Dwarf Earth Elementalist began the quest
                  | for the Orb.
     0 | D:1      | Reached XP level 1. HP: 15/15 MP: 3/3
   106 | D:1      | Reached XP level 2. HP: 22/22 MP: 4/4
   121 | D:1      | Reached skill level 1 in Short Blades
   225 | D:1      | Reached skill level 2 in Short Blades
   325 | D:1      | Reached XP level 3. HP: 24/28 MP: 5/5
   339 | D:1      | Learned a level 2 spell: Passwall
   511 | D:2      | Noticed Sigmund
   515 | D:2      | Killed Sigmund
   516 | D:2      | Reached skill level 4 in Short Blades
   516 | D:2      | Reached XP level 4. HP: 16/36 MP: 3/6
   516 | D:2      | Reached XP level 5. HP: 19/42 MP: 3/7
   687 | D:2      | Learned a level 3 spell: Stone Arrow
   803 | D:2      | Noticed Terence
   809 | D:2      | Killed Terence
   810 | D:2      | Reached skill level 5 in Short Blades
   891 | D:3      | Identified a potion of resistance
   894 | D:3      | Reached XP level 6. HP: 10/49 MP: 0/8
   980 | D:4      | Found a bloodstained altar of Trog.
   991 | D:4      | Noticed a +0 dagger
   991 | D:4      | Noticed a +0 short sword
   991 | D:4      | Noticed a +0 short sword
   991 | D:4      | Noticed a +0 falchion
   991 | D:4      | Noticed a +0 spear
   992 | D:4      | Noticed a +0 dagger
   992 | D:4      | Noticed a +0 falchion
   994 | D:4      | Noticed a +0 spear
   995 | D:4      | Found a hide-covered altar of Uskayaw.
  1054 | D:4      | Noticed Eustachio
  1072 | D:4      | HP: 2/49 [Eustachio (7)]
  1072 | D:4      | Slain by Eustachio

Vanquished Creatures
  Sigmund (D:2)
  An orc wizard (D:3)
  Terence (D:2)
  An adder (D:2)
  3 dart slugs
  3 orcs (D:3)
  6 ball pythons
  6 bats
  7 endoplasms
  4 giant cockroaches
  4 goblins
  A hobgoblin (D:1)
  4 kobolds
  A quokka (D:2)
  3 frilled lizards
  5 rats
51 creatures vanquished.

Table legend: (Time is in decaauts)
 A = Elapsed time spent in this place.
 B = Non-inter-level travel time spent in this place.
 C = Inter-level travel time spent in this place.
 D = Time resting spent in this place.
 E = Time spent auto-exploring this place.
 F = Levels seen in this place.
 G = Mean time per level.
                   A        B        C        D        E       F      G
               +--------+--------+--------+--------+--------+-----+--------+
         Total |   1030 |    975 |     55 |      0 |      2 |   4 |  257.5 |
       Dungeon |   1030 |    975 |     55 |      0 |      2 |   4 |  257.5 |
               +--------+--------+--------+--------+--------+-----+--------+

Top non-repeatable levels by time:
     D:1: 428 daAuts
     D:2: 415 daAuts
     D:4: 100 daAuts
     D:3: 86 daAuts

Table legend:
 A = Non-vault XP
 B = Vault XP
 C = Vault XP percentage of total XP
 D = Non-vault monster count
 E = Vault monster count
 F = Vault count percentage of total count
                 A         B        C        D         E       F
            +---------+---------+-------+---------+---------+-------
      Total |     120 |     267 |  69.0 |      47 |       4 |   7.8
            +---------+---------+-------+---------+---------+-------
        D:1 |      43 |       0 |   0.0 |      24 |       0 |   0.0
        D:2 |      26 |     267 |  91.1 |      14 |       4 |  22.2
        D:3 |      49 |       0 |   0.0 |       8 |       0 |   0.0
        D:4 |       2 |       0 |   0.0 |       1 |       0 |   0.0
            +---------+---------+-------+---------+---------+-------
